 Dungeon Crawl Stone Soup version 0.17.1-1-g73c8601 (webtiles) character file.

701 JustSomeDude the Sneak (level 7, 0/52 HPs)
             Began as a Demonspawn Assassin on Dec 16, 2015.
             Succumbed to a killer bee's poison
             ... on level 5 of the Dungeon.
             The game lasted 00:12:32 (2824 turns).

JustSomeDude the Sneak (Demonspawn Assassin)        Turns: 2824, Time: 00:12:33

Health: 0/52       AC:  4    Str: 18    XL:     7   Next: 38%
Magic:  7/7        EV: 20    Int: 12    God:
Gold:   122        SH:  0    Dex: 20    Spells: 0 memorised, 6 levels left

rFire  . . .     SeeInvis .     a - +3 dagger
rCold  . . .     Clarity  .     c - +0 robe
rNeg   + . .     SustAt   .     (no shield)
rPois  .         Gourm    .     (no helmet)
rElec  .         Spirit   .     d - +1 cloak
rCorr  .         Warding  .     (no gloves)
rMut   .         Stasis   .     (no boots)
MR     .....                    (no amulet)
Stlth  +++++.....               p - +2 ring of slaying
                                n - ring of positive energy

@: mighty, agile, lethally poisoned (0 -> -2), not resistant to hostile
enchantments, quite stealthy
A: spiny 2
a: no special abilities


You were on level 5 of the Dungeon.
You were not hungry.

You visited 2 branches of the dungeon, and saw 6 of its levels.

You collected 122 gold pieces.

Inventory:

Hand Weapons
 a - a +3 dagger (weapon)
 b - a +0 blowgun
 u - a +0 hand crossbow
Missiles
 e - 8 poisoned needles
 f - 2 curare-tipped needles
 i - 7 needles of confusion
 v - 4 tomahawks (quivered)
Armour
 c - a +0 robe (worn)
 d - a +1 cloak (worn)
Jewellery
 n - a ring of positive energy (left hand)
 p - a +2 ring of slaying (right hand)
Scrolls
 k - 2 scrolls of fog
 o - a scroll of magic mapping
 r - a scroll of enchant weapon
 t - a scroll of recharging
 w - a scroll of identify
Comestibles
 g - 3 bread rations
 j - 3 meat rations
 s - 6 fruits
 x - a beef jerky


   Skills:
 + Level 3.6 Fighting
 + Level 2.6 Short Blades
 + Level 2.6 Throwing
 + Level 3.9 Dodging
 + Level 6.2 Stealth


You had 6 spell levels left.
You didn't know any spells.

Dungeon Overview and Level Annotations

Branches:
Dungeon (5/15)             Temple (1/1) D:4

Altars:
Ashenzari
Elyvilon
Gozag
Makhleb
Nemelex Xobeh
Okawaru
Qazlal
Sif Muna
Vehumet
Xom
The Shining One


Innate Abilities, Weirdness & Mutations

You are mostly covered in sharp spines.


Message History

You feel sick.
You see here a killer bee corpse.
* * * LOW HITPOINT WARNING * * *
You feel sick.
You see here 2 tomahawks.
* * * LOW HITPOINT WARNING * * *
You feel sick.
Found a stormy altar of Qazlal.
* * * LOW HITPOINT WARNING * * *
You feel sick.
You see here a tomahawk.
* * * LOW HITPOINT WARNING * * *
You feel sick.
You see here a tomahawk.
* * * LOW HITPOINT WARNING * * *
You feel sick.
You see here 2 tomahawks.
* * * LOW HITPOINT WARNING * * *
You feel sick.
You die...

#§§§§§§§§§§§#
#§§§§§8§§§§§#
#§§§§###§§§§#
#§§§§#_#§§§§#
#§§§§#.#§§§§#
#§§§§#.#§§§§###
#§§§§#.#§§§§#.#
##(######.#
#..(....@.#
#.(.......#
##.#......#
#.#......#
#(#......#
#†#......#
#######†#......#
#.......#......#
#####.#############


There were no monsters in sight!

Vanquished Creatures
  The ghost of JustSomeDude the Sneak, an amateur DsAs of Dithmenos (D:4)
  6 killer bees (D:5)
  A hound (D:3)
  A giant frog skeleton (D:4)
  2 worker ants (D:4)
  A centaur skeleton (D:4)
  4 adders
  An ooze (D:4)
  An adder skeleton (D:4)
  8 giant geckos
  4 orcs (D:4)
  A ball python (D:1)
  3 giant cockroaches
  5 goblins
  7 hobgoblins
  3 quokkas (D:4)
  4 bats
  4 giant newts
  5 jackals
  6 kobolds
  5 rats
73 creatures vanquished.

Notes
Turn   | Place    | Note
--------------------------------------------------------------
     0 | D:1      | JustSomeDude the Demonspawn Assassin began the quest for the Orb.
     0 | D:1      | Reached XP level 1. HP: 16/16 MP: 1/1
   363 | D:1      | Reached skill level 4 in Stealth
   387 | D:1      | Gained mutation: You are partially covered in sharp spines. [demonic ancestry]
   387 | D:1      | Reached XP level 2. HP: 11/22 MP: 2/2
   992 | D:2      | Reached skill level 1 in Dodging
  1004 | D:2      | Reached XP level 3. HP: 27/27 MP: 3/3
  1369 | D:3      | Reached XP level 4. HP: 34/34 MP: 4/4
  1751 | D:3      | Reached skill level 5 in Stealth
  1898 | D:4      | Reached XP level 5. HP: 19/39 MP: 5/5
  2238 | D:4      | Found a shimmering altar of Xom.
  2239 | D:4      | Found an opulent altar of Gozag.
  2250 | D:4      | Found a radiant altar of Vehumet.
  2271 | D:4      | Found a white marble altar of Elyvilon.
  2369 | D:4      | Found a sparkling altar of Nemelex Xobeh.
  2372 | D:4      | Noticed JustSomeDude's ghost (amateur DsAs)
  2399 | D:4      | Killed JustSomeDude's ghost
  2399 | D:4      | Reached XP level 6. HP: 29/47 MP: 6/6
  2516 | D:4      | Found a staircase to the Ecumenical Temple.
  2539 | Temple   | Entered the Ecumenical Temple
  2754 | D:5      | Entered Level 5 of the Dungeon
  2781 | D:5      | Reached skill level 6 in Stealth
  2783 | D:5      | Gained mutation: You are mostly covered in sharp spines. [demonic ancestry]
  2783 | D:5      | Reached XP level 7. HP: 43/52 MP: 7/7
  2815 | D:5      | Found a stormy altar of Qazlal.
  2817 | D:5      | HP: 2/52 [poisoned by a killer bee]
  2824 | D:5      | Succumbed to a killer bee's poison

Action                   |  1- 3 |  4- 6 |  7- 9 || total
-------------------------+-------+-------+-------++-------
Melee: Dagger            |    63 |    72 |    11 ||   146
Throw: Tomahawk          |       |    10 |     3 ||    13
  Use: Potion            |     5 |     3 |     3 ||    11
       Scroll            |     3 |     5 |     1 ||     9
 Stab: Sleeping          |     7 |     3 |       ||    10
  Eat: Fruit             |       |     1 |       ||     1
       Pizza             |       |     1 |       ||     1
       Bread ration      |       |     1 |       ||     1
       Beef jerky        |       |     1 |       ||     1
